 Dungeon Crawl Stone Soup version 0.25.1-8-g42b30a86e7 (webtiles) character file.

Game seed: 15610247254354038208

5682 krpopo the Impaler (level 10, 0/93 HPs)
             Began as a Minotaur Fighter on Dec 11, 2020.
             Was an Elder of Okawaru.
             Slain by a two-headed ogre
             ... wielding a +0 giant spiked club
              (11 damage)
             ... on level 9 of the Dungeon.
             The game lasted 00:17:26 (10567 turns).

krpopo the Impaler (Minotaur Fighter)              Turns: 10567, Time: 00:17:27

Health: 0/93       AC: 12    Str: 22    XL:     10   Next: 47%
Magic:  9/9        EV:  4    Int:  6    God:    Okawaru [****..]
Gold:   436        SH: 10    Dex: 11    Spells: 9/9 levels left

rFire    . . .     SeeInvis .   a - +0 trident
rCold    . . .     Gourm    .   c - +0 kite shield
rNeg     . . .     Faith    .   i - +0 plate armour
rPois    .         Spirit   .   (helmet restricted)
rElec    .         Reflect  .   (no cloak)
rCorr    .         Harm     .   z - +0 pair of gloves
MR       .....                  (no boots)
Stlth    ..........             (no amulet)
HPRegen  0.25/turn              (no ring)
MPRegen  0.11/turn              (no ring)

@: no status effects
A: retaliatory headbutt, horns 2
a: Heroism, Renounce Religion


You were on level 9 of the Dungeon.
You worshipped Okawaru.
Okawaru was greatly pleased with you.
You were not hungry.

You visited 1 branch of the dungeon, and saw 9 of its levels.

You collected 436 gold pieces.

Inventory:

Hand Weapons
 a - a +0 trident (weapon)
 s - the +7 dagger "Muasus" {distort, rF+ rN+ Dex+7}
   (You took it off a big kobold on level 8 of the Dungeon)

   It warps and distorts space around it.
   Unwielding it can cause banishment or high damage.
   It affects your dexterity (+7).
   It protects you from fire.
   It protects you from negative energy.
 v - a +2 war axe of venom
 C - a +2 vorpal flail
 M - a +0 vorpal war axe
Missiles
 J - 15 bolts
Armour
 b - a +0 scale mail
 c - a +0 kite shield (worn)
 i - a +0 plate armour (worn)
 l - +0 ice dragon scales
 u - a cursed +0 ring mail
 x - a +3 leather armour
 z - a +0 pair of gloves (worn)
 Q - a +0 pair of gloves
Wands
 p - a wand of flame (24)
 B - a wand of polymorph (9)
 E - a wand of iceblast (6)
 P - a wand of enslavement (10)
Scrolls
 e - 2 scrolls of remove curse
 g - 3 scrolls of fear
 j - 2 scrolls of amnesia {unknown}
 k - 2 scrolls of immolation {unknown}
 m - 2 scrolls of enchant weapon {unknown}
 o - 8 scrolls of teleportation
 t - a scroll of enchant armour {unknown}
 w - 5 scrolls of fog
 y - 2 scrolls of magic mapping
 N - a scroll of blinking {unknown}
Potions
 d - 4 potions of might
 h - 6 potions of curing
 n - 2 potions of brilliance {unknown}
 q - a potion of flight {unknown}
 r - 2 potions of ambrosia {unknown}
 A - 3 potions of resistance
 D - 2 potions of heal wounds {unknown}
 F - 4 potions of lignification
 G - a potion of degeneration {unknown}
 H - a potion of invisibility {unknown}
 I - 2 potions of magic {unknown}
 K - a potion of stabbing {unknown}
 L - 2 potions of haste {unknown}
Comestibles
 f - 18 rations
 O - 4 chunks of flesh


   Skills:
 + Level 10.2 Fighting
 - Level 15.1 Polearms
 - Level 3.6 Armour
 * Level 4.9 Shields


You had 9 spell levels left.
You didn't know any spells.
Your spell library contained the following spells:

 Spells                   Type           Power        Failure   Level  Hunger
 Freeze                   Ice            #...         100%        1    ##.....
 Confusing Touch          Hex            #.......     100%        3    ####...
 Frozen Ramparts          Ice            #.....       100%        3    ####...
 Gell's Gravitas          Tloc           #.........   100%        3    ####...
 Ozocubu's Armour         Chrm/Ice       #.......     100%        3    ####...
 Hailstorm                Conj/Ice       #.......     100%        4    #####..
 Petrify                  Tmut/Erth      #.......     100%        4    #####..
 Summon Ice Beast         Ice/Summ       #.......     100%        4    #####..
 Metabolic Englaciation   Hex/Ice        #.........   100%        5    ######.
 Yara's Violent Unravell  Hex/Tmut       #.........   100%        5    ######.


Dungeon Overview and Level Annotations

Branches:
Dungeon (9/15)             Temple (0/1) D:6
   Lair: D:8-11         Orc: D:9-12

Altars:
Ashenzari
Cheibriados
Elyvilon
Fedhas
Hepliaklqana
Okawaru
Ru
Uskayaw
Vehumet
Wu Jian
Yredelemnul

Shops:
D:9 *

Portals:
Abyss: D:8

Annotations:
D:9 Erica


Innate Abilities, Weirdness & Mutations

You reflexively headbutt those who attack you in melee.
You have a pair of horns on your head.


Message History

You hit something.
The two-headed ogre hits you with a +0 giant spiked club.
The two-headed ogre hits you with a +0 giant club!!
Something hits you. Something burns you.
You hit something but do no damage. You hit something. You headbutt something.
The two-headed ogre barely misses you.
The two-headed ogre hits you with a +0 giant club!
Something hits you but does no damage.
You hit something. You headbutt something.
Your shield and plate armour prevent you from hitting something.
The two-headed ogre hits you with a +0 giant spiked club!!
* * * LOW HITPOINT WARNING * * *
The two-headed ogre hits you but does no damage.
Something hits you but does no damage.
You hit something but do no damage.
Your plate armour prevents you from hitting something.
You block the two-headed ogre's attack.
The two-headed ogre hits you with a +0 giant club!
You die...

######...######...
..................
....###.....#.....
. ...
#...##..#...<. ..#
# #.###.≈.≈.≈.##
...### ##.#
≈##+##≈
....####.†# ##
#..##.†###
#{@O....#
####.##...#
........#
..........#
|.............
............$.#
..............#
.............


You could see a two-headed ogre.

Vanquished Creatures
  The ghost of ahrsahrtis the Archer, a novice CeHu of Wu Jian (D:8)
  Pikel (D:5)
  Joseph (D:7)
  Psyche (D:8)
  Grinder (D:6)
  Prince Ribbit (D:8)
  A hippogriff (D:6)
  A wyvern (D:9)
  Sigmund (D:3)
  Eustachio (D:5)
  A small abomination (D:8)
  3 orc warriors
  A phantom (D:6)
  2 sky beasts (D:8)
  2 slaves (D:6)
  2 ice beasts (D:6)
  A necrophage (D:6)
  3 ogres
  2 centaurs
  A big kobold (D:8)
  Blork the orc (D:6)
  A bullfrog (D:6)
  A wyvern zombie (D:8)
  2 scorpions
  A howler monkey (D:5)
  3 crimson imps
  A jelly (D:7)
  Crazy Yiuf (D:3)
  7 orc priests
  6 hounds
  4 orc wizards
  A bullfrog skeleton (D:8)
  Natasha (thrice) (D:3)
  Terence (D:3)
  7 worker ants
  3 hound skeletons
  8 gnolls
  5 adders
  2 shadow imps (D:5)
  A white imp (D:8)
  An adder zombie (D:5)
  4 adder skeletons
  4 worms
  3 dart slugs
  7 leopard geckos
  45 orcs
  2 ball pythons (D:3)
  8 bats
  4 giant cockroaches
  8 goblins
  7 hobgoblins
  12 jackals
  4 quokkas
  5 frilled lizards
  A jackal skeleton (D:6)
  4 kobolds
  A leopard gecko skeleton (D:4)
  10 rats
217 creatures vanquished.

Vanquished Creatures (others)
  A slave (D:6)
  A centaur (D:6)
2 creatures vanquished.

Grand Total: 219 creatures vanquished

Notes
Turn   | Place    | Note
-------+----------+-------------------------------------------
     0 | D:1      | krpopo the Minotaur Fighter began the quest for the Orb.
     0 | D:1      | Reached XP level 1. HP: 19/19 MP: 0/0
   141 | D:1      | Reached XP level 2. HP: 27/27 MP: 1/1
   143 | D:1      | Reached skill level 3 in Polearms
   694 | D:1      | Reached XP level 3. HP: 33/33 MP: 2/2
   983 | D:2      | Reached skill level 4 in Polearms
  1283 | D:2      | Found an ornate altar of the Wu Jian Council.
  1645 | D:3      | Reached XP level 4. HP: 41/41 MP: 3/3
  1716 | D:3      | Found a radiant altar of Vehumet.
  1726 | D:3      | Reached skill level 5 in Polearms
  2001 | D:3      | Noticed Terence
  2009 | D:3      | Killed Terence
  2009 | D:3      | Reached XP level 5. HP: 47/47 MP: 4/4
  2016 | D:3      | Noticed Natasha
  2022 | D:3      | Killed Natasha
  2022 | D:3      | Reached skill level 6 in Polearms
  2105 | D:3      | Noticed Natasha
  2109 | D:3      | Killed Natasha
  2232 | D:3      | Noticed Natasha
  2240 | D:3      | Killed Natasha
  2658 | D:3      | Noticed Sigmund
  2709 | D:3      | Killed Sigmund
  2709 | D:3      | Reached skill level 5 in Fighting
  2709 | D:3      | Reached skill level 7 in Polearms
  2709 | D:3      | Reached XP level 6. HP: 13/56 MP: 5/5
  3054 | D:3      | Found a runed translucent door.
  3055 | D:3      | Noticed Crazy Yiuf
  3063 | D:3      | Killed Crazy Yiuf
  3161 | D:3      | Reached skill level 8 in Polearms
  3529 | D:4      | Reached XP level 7. HP: 59/61 MP: 6/6
  3671 | D:4      | Found a hazy altar of Hepliaklqana.
  3671 | D:4      | Found an iron altar of Okawaru.
  3671 | D:4      | Found a white marble altar of Elyvilon.
  3671 | D:4      | Found a shattered altar of Ashenzari.
  3671 | D:4      | Found a faded altar of an unknown god.
  3693 | D:4      | Reached skill level 9 in Polearms
  4472 | D:4      | Became a worshipper of Warmaster Okawaru
  4498 | D:5      | Entered Level 5 of the Dungeon
  4604 | D:5      | Reached skill level 10 in Polearms
  4662 | D:5      | Noticed Eustachio
  4712 | D:5      | Killed Eustachio
  4712 | D:5      | Reached * piety under Okawaru
  4712 | D:5      | Reached XP level 8. HP: 70/70 MP: 7/7
  5072 | D:5      | Reached skill level 11 in Polearms
  5247 | D:5      | Found a basalt altar of Yredelemnul.
  5369 | D:6      | Noticed Pikel
  5721 | D:5      | Killed Pikel
  5721 | D:5      | Reached skill level 12 in Polearms
  5828 | D:6      | Reached ** piety under Okawaru
  5904 | D:6      | Found a snail-covered altar of Cheibriados.
  5913 | D:6      | Noticed Blork the orc
  5922 | D:6      | Killed Blork the orc
  5922 | D:6      | Reached XP level 9. HP: 58/77 MP: 8/8
  5923 | D:6      | Found a hide-covered altar of Uskayaw.
  6221 | D:6      | Reached skill level 13 in Polearms
  6330 | D:6      | Found a blossoming altar of Fedhas.
  6455 | D:6      | Noticed Grinder
  6458 | D:6      | Paralysed by Grinder for 3 turns
  6466 | D:6      | Killed Grinder
  6561 | D:6      | Found a staircase to the Ecumenical Temple.
  7219 | D:7      | Noticed Joseph
  7235 | D:7      | Killed Joseph
  7235 | D:7      | Reached skill level 14 in Polearms
  7678 | D:6      | Reached *** piety under Okawaru
  8141 | D:7      | Found a sacrificial altar of Ru.
  8323 | D:8      | Found a transporter.
  8330 | D:8      | Identified the +7 dagger "Muasus" {distort, rF+ rN+ Dex+7}
  8343 | D:8      | Found a one-way gate to the infinite horrors of the Abyss.
  8343 | D:8      | Noticed ahrsahrtis's ghost (novice CeHu)
  8363 | D:8      | Found a transporter.
  8907 | D:8      | Reached XP level 10. HP: 46/88 MP: 9/9
  8935 | D:8      | Reached skill level 15 in Polearms
  9290 | D:8      | Noticed Psyche
  9305 | D:8      | Killed Psyche
  9455 | D:8      | Noticed Prince Ribbit
  9486 | D:8      | Killed Prince Ribbit
  9940 | D:8      | Killed ahrsahrtis's ghost
  9940 | D:8      | Reached **** piety under Okawaru
 10328 | D:9      | Found Sioh's General Store.
 10393 | D:9      | Reached skill level 10 in Fighting
 10539 | D:9      | Noticed Erica
 10547 | D:9      | Noticed a two-headed ogre
 10567 | D:9      | Slain by a two-headed ogre

Illustrated notes

Levels and vault maps discovered:
D:1:      psy_arrival_radial01, layout_basic, serial_glass, glass_columns_b,
          glass_columns_a, glass_columns_a
D:2:      layout_rooms, nicolae_overflow_hidden_temple
D:3:      minmay_wonky_spiral, layout_rooms, vehumet_crystals, first_ration,
          serial_forest, infiniplex_forest_clump_C,
          infiniplex_forest_clump_curved, infiniplex_forest_lined_corner,
          infiniplex_forest_clump_curved, infiniplex_forest_fountain,
          infiniplex_forest_straight_5, roderic_serpentine_path, minmay_between,
          uniq_terence, uniq_sigmund, uniq_natasha, uniq_crazy_yiuf_cottage
D:4:      minmay_spotlight, layout_cave_pools,
          chequers_temple_overflow_minitemple, due_unseen_surprise
D:5:      layout_loops_cross, kennysheep_mini, grunt_ministairs_6,
          uniq_eustachio
D:6:      layout_loops_ring, eat_drink_and_be_merry_uskayaw,
          overflow_temple_1_default, minmay_temple_entry_antechambers,
          fedhas_altar_4, uniq_grinder, uniq_pikel, uniq_blork_the_orc
D:7:      layout_loops_ring, nicolae_ru_path_of_blood, uniq_joseph
D:8:      layout_basic, special_room [special_room_orc], enter_bailey_2,
          gammafunk_ghost_abyssal_escape, uniq_psyche, uniq_prince_ribbit1
D:9:      layout_rooms, lemuel_mausoleum_altar_kikubaaqudgha,
          kennysheep_little_box, serial_shops, shop,
          hangedman_little_slice_of_home, minmay_shop_damaged, uniq_erica

Skill      XL: |  1  2  3  4  5  6  7  8  9 10 |
---------------+-------------------------------+-----
Fighting       | 4 5 6 8 10 | 10.2
Polearms       | 3 4 5 7 8 10 12 14 15 | 15.1
Shields        | 4 |  4.9
Armour         | |  3.6

Action                   |  1- 3 |  4- 6 |  7- 9 | 10-12 || total
-------------------------+-------+-------+-------+-------++-------
Melee: Trident           |   130 |   133 |   524 |   135 ||   922
       Headbutt          |     8 |    24 |    82 |    30 ||   144
       Unarmed           |       |    18 |       |       ||    18
  Use: Scroll            |       |       |    11 |       ||    11
 Stab: Distracted        |       |       |     1 |       ||     1
  Eat: Chunk             |     2 |     7 |    11 |     2 ||    22
       Ration            |       |       |     2 |     1 ||     3
Armor: Scale mail        |     9 |       |       |       ||     9
       Plate armour      |    42 |    69 |   147 |    31 ||   289
Dodge: Dodged            |    24 |    16 |    38 |     8 ||    86
Block: Kite shield       |    62 |    59 |   146 |    26 ||   293
